Map: Kairos Junction LE

Players

Masu - Winner!

  • Race: Zerg Zerg
  • League: Diamond
  • Spawn Location: 5:00

Woah

  • Race: Terran Terran
  • League: Platinum
  • Spawn Location: 11:00

VOD

Have the link to the VOD?

Description

Time

  • Played on: June 14, 2019, 3:17 p.m.
  • Length: 12:40
Show
View Real Time Build Order
Export as new Build Order

Masu Zerg - Winner!

Build Orders: Hatch First, Muta Ling Bane 

Get SALT Encoding   

  12  0:01  Drone  
  13  0:16  Overlord  
  13  0:20  Drone  
  14  0:34  Drone x2  
  16  0:52  Drone  
  16  0:55  Hatchery  
  16  1:00  Drone  
  16  1:01  Extractor  
  16  1:13  Spawning Pool  
  16  1:17  Drone  
  16  1:23  Drone  
  16  1:24  Drone  
  18  1:32  Drone  
  19  1:42  Overlord  
  19  2:08  Queen x2  
  23  2:09  Zergling x2  
  23  2:12  Metabolic Boost  
  24  2:16  Drone x2  
  24  2:19  Drone  
  27  2:23  Drone  
  27  2:27  Drone  
  29  2:31  Drone  
  29  2:36  Overlord  
  30  2:46  Queen  
  30  2:47  Drone  
  33  3:12  Drone x3  
  36  3:13  Drone x3  
  36  3:18  Hatchery  
  38  3:22  Lair  
  38  3:31  Drone x2  
  38  3:32  Drone x2  
  42  3:37  Overlord  
  42  3:41  Overlord  
  42  3:47  Extractor  
  41  3:57  Drone  
  41  3:58  Drone x2  
  41  4:00  Drone  
  41  4:01  Overlord x2  
  45  4:13  Extractor, Drone x2  
  45  4:14  Extractor  
  45  4:15  Drone x3  
  48  4:22  Drone  
  48  4:23  Spire  
  48  4:26  Drone x3  
  51  4:31  Queen  
  53  4:43  Drone, Baneling Nest  
  53  4:44  Zergling x4  
  53  4:45  Zergling x10  
  59  4:51  Zergling x6  
  62  4:54  Zergling x6  
  65  5:01  Zergling x6  
  68  5:14  Overlord  
  68  5:15  Overlord x2  
  68  5:27  Overlord x2  
  61  5:39  Mutalisk x7  
  73  5:45  Overseer x2  
  73  5:53  Zergling x12  
  79  6:02  Centrifical Hooks  
  79  6:06  Drone x2  
  79  6:09  Evolution Chamber x2  
  79  6:19  Pneumatized Carapace  
  79  6:41  Zerg Melee Weapons Level 1, Zerg Ground Armor Level 1  
  79  6:44  Mutalisk  
  81  6:49  Drone x3  
  81  6:50  Drone x7  
  81  6:51  Drone x6  
  97  7:02  Spawning Pool  
  96  7:15  Extractor, Drone x2  
  97  7:16  Drone  
  97  7:17  Extractor  
  97  7:18  Overlord, Drone  
  97  7:19  Overlord x3  
  98  7:34  Baneling x2  
  98  7:35  Baneling x6  
  98  7:36  Baneling x6  
  98  7:37  Baneling x4  
  98  7:43  Drone x3  
  101  7:44  Drone  
  101  7:50  Drone  
  94  8:04  Hatchery  
  87  8:06  Zergling x10  
  87  8:07  Zergling x12  
  98  8:16  Drone  
  98  8:18  Zerg Flyer Weapons Level 1  
  98  8:19  Hatchery  
  98  8:21  Drone  
  98  8:23  Infestation Pit  
  98  8:28  Corruptor  
  98  8:29  Zergling x14  
  98  8:30  Zergling x2  
  108  8:38  Zerg Ground Armor Level 2, Zerg Melee Weapons Level 2  
  108  8:40  Zergling x6  
  111  8:42  Baneling  
  111  8:43  Baneling x7  
  111  8:44  Baneling  
  111  8:50  Zergling x10  
  111  8:51  Zergling x8  
  120  9:12  Zergling x4  
  120  9:15  Overlord x5  
  116  9:42  Queen  
  118  9:54  Drone  
  118  9:58  Drone  
  120  10:00  Mutalisk x6  
  120  10:01  Mutalisk x8, Hatchery  
  120  10:02  Mutalisk  
  120  10:05  Zergling x6  
  120  10:06  Zergling x4  
  154  10:09  Hatchery  
  154  10:11  Hive  
  153  10:20  Zergling x10  
  153  10:21  Zergling x6  
  161  10:25  Baneling x3  
  161  10:26  Baneling x5  
  161  10:27  Baneling x2  
  161  10:38  Zergling x10  
  161  10:39  Zergling x2  
  161  10:42  Baneling x3  
  167  10:43  Baneling  
  167  10:50  Zergling x12  
  167  10:52  Overlord x2  
  164  11:50  Zergling x6  
  164  11:51  Zergling x14  
  164  11:52  Zergling x6  
  177  11:57  Overlord x5  
  144  12:17  Zergling x8  
  144  12:18  Zergling x30  
  144  12:19  Zergling x4  
  161  12:25  Drone  
  161  12:28  Hatchery  
Show
View Real Time Build Order
Export as new Build Order

Woah Terran 

Build Orders:  

Get SALT Encoding   

  12  0:01  SCV  
  13  0:13  SCV  
  14  0:17  Supply Depot  
  14  0:25  SCV  
  15  0:39  SCV  
  16  0:42  Barracks  
  16  0:45  Refinery  
  16  0:52  SCV  
  17  1:04  SCV  
  18  1:16  SCV  
  19  1:29  Marine  
  19  1:31  Orbital Command  
  20  1:45  Command Center  
  20  1:54  Barracks  
  20  1:58  SCV  
  21  2:01  Barracks Reactor  
  21  2:07  Supply Depot  
  21  2:14  Refinery  
  21  2:15  SCV  
  22  2:28  SCV  
  22  2:29  Factory  
  23  2:38  Marine  
  23  2:39  Marine  
  23  2:40  SCV  
  23  2:41  Barracks Tech Lab  
  26  2:54  SCV  
  26  2:57  Orbital Command  
  27  3:06  Stimpack  
  27  3:11  Marine x3  
  30  3:14  SCV  
  31  3:24  Starport  
  31  3:29  Factory Reactor  
  31  3:31  SCV  
  31  3:33  Marine  
  33  3:36  SCV  
  34  3:45  SCV, Supply Depot  
  35  3:49  SCV, Marine  
  35  3:51  Marine  
  38  3:57  SCV  
  38  4:00  Medivac  
  41  4:03  SCV  
  41  4:05  Widow Mine x2  
  46  4:12  Supply Depot  
  46  4:13  SCV, Marine  
  46  4:14  Marine  
  46  4:16  Marine  
  50  4:23  SCV  
  51  4:25  SCV  
  51  4:27  Widow Mine  
  54  4:33  Marine  
  54  4:36  Engineering Bay  
  57  4:39  Engineering Bay  
  55  5:00  Command Center, Barracks x2  
  55  5:01  Medivac  
  55  5:03  Medivac  
  55  5:06  SCV  
  58  5:40  Marauder, Marine x2  
  56  5:45  SCV x2  
  56  5:48  Barracks Reactor x2  
  58  5:50  Barracks  
  58  5:51  Barracks  
  58  5:52  Terran Infantry Weapons Level 1  
  58  5:54  Armory  
  58  5:57  SCV  
  59  5:58  Marine x2  
  59  6:00  SCV  
  59  6:02  Refinery  
  59  6:03  Terran Infantry Armor Level 1  
  59  6:04  Refinery  
  62  6:09  Factory Reactor  
  62  6:12  SCV, Marauder  
  62  6:13  SCV  
  62  6:16  Orbital Command  
  66  6:24  SCV  
  67  6:26  Marine x4  
  67  6:27  Marine  
  67  6:32  Combat Shield  
  72  6:33  Marauder  
  72  6:34  SCV  
  72  6:36  SCV, Orbital Command, Marine  
  77  6:59  SCV  
  77  7:00  Marine x2  
  77  7:01  Marine x2  
  77  7:02  Marine x2  
  77  7:03  Marine  
  77  7:04  SCV, Marine  
  77  7:11  Missile Turret x2  
  77  7:13  Missile Turret x2  
  77  7:15  Missile Turret  
  77  7:28  Factory  
  77  7:47  Supply Depot  
  77  7:49  Supply Depot  
  77  7:53  Marine x3  
  77  7:54  SCV x3, Marine x3, Marauder  
  77  7:55  Widow Mine x2  
  77  7:56  Barracks Reactor  
  86  8:04  Marine  
  70  8:06  SCV x2  
  70  8:07  Missile Turret  
  70  8:11  Marine x2  
  73  8:15  Marauder  
  73  8:17  Marine x3  
  73  8:18  SCV  
  73  8:19  Marine  
  78  8:34  Terran Infantry Weapons Level 2, Marine  
  78  8:35  Marine  
  78  8:37  Marauder, Marine  
  83  8:46  SCV  
  83  8:48  Orbital Command  
  84  8:58  Marauder  
  84  9:01  Terran Infantry Armor Level 2  
  84  9:02  Marine x5  
  90  9:03  Factory Tech Lab  
  90  9:09  Marine x3  
  92  9:10  Marine  
  92  9:14  SCV x2  
  92  9:15  SCV  
  98  9:19  Marauder  
  100  9:25  Marine  
  100  9:26  SCV, Marine x4  
  100  9:27  Marine x3  
  100  9:30  Marine  
  92  9:41  Ghost Academy  
  92  9:43  Thor  
  96  9:45  Medivac  
  96  9:46  Medivac  
  100  10:00  Widow Mine x2  
  104  10:09  Barracks Tech Lab  
  104  10:14  Marine x8  
  114  10:25  Marine  
  114  10:26  Command Center  
  113  10:28  Bunker  
  113  10:29  Missile Turret, Supply Depot  
  113  10:31  Missile Turret, Marine  
  113  10:32  Marine x3  
  113  10:33  Refinery  
  113  10:35  Refinery  
  117  10:36  Missile Turret  
  117  10:51  Marauder, Widow Mine, Siege Tank, Marine  
  125  11:03  Marine  
  125  11:09  Marine  
  125  11:21  Marine x2  
  125  11:28  Marine x3  
  125  11:37  Marine x2  
  125  11:38  Marauder, Widow Mine, Marine x2  
  123  11:46  Marine  
  106  11:55  Orbital Command, Ghost  
  91  12:14  Marauder, Marine x5  
  91  12:15  Marine x2  
  73  12:17  Marine  
  63  12:26  Barracks  
Tags
 
Composition
Muta Ling Bane
Matchup
TvZ
Replay Pack
r1
Spawn Locations
Cross Positions
Add a new tag
Caveats
  • Supply blocks, unpowered buildings, or Contaminate may cause inaccurate times.
  • Supply counts are checked every 10 seconds.